 Dungeon Crawl Stone Soup version 0.26-a0-737-g4e9f4955e2 (webtiles) character file.

Game seed: 9174167422125632576

112 mhtbhm the Chopper (level 4, 0/41 HPs)
             Began as a Minotaur Berserker on Nov 4, 2020.
             Was a Follower of Trog.
             Succumbed to a worker ant's poison
             ... on level 4 of the Dungeon.
             The game lasted 00:01:38 (2142 turns).

mhtbhm the Chopper (Minotaur Berserker)             Turns: 2142, Time: 00:01:38

Health: 0/41       AC:  5    Str: 23    XL:     4   Next: 63%
Magic:  3/3        EV: 12    Int:  4    God:    Trog [*.....]
Gold:   116        SH:  0    Dex:  9    Spells: 3/3 levels left

rFire    . . .     SeeInvis .   a - +0 hand axe
rCold    . . .     Faith    .   (no shield)
rNeg     . . .     Spirit   .   b - +0 ring mail
rPois    .         Reflect  .   (helmet restricted)
rElec    .         Harm     .   (no cloak)
rCorr    .         Rampage  .   (no gloves)
MR       .....                  (no boots)
Stlth    +.........             (no amulet)
HPRegen  0.13/turn              (no ring)
MPRegen  0.08/turn              (no ring)

@: lethally poisoned (0 -> -6)
A: retaliatory headbutt, horns 2
a: Berserk, Renounce Religion


You were on level 4 of the Dungeon.
You worshipped Trog.
Trog was aware of your devotion.
You visited 1 branch of the dungeon, and saw 4 of its levels.

You collected 116 gold pieces.

Inventory:

Hand Weapons
 a - a +0 hand axe (weapon)
Armour
 b - a +0 ring mail (worn)
Scrolls
 c - 2 scrolls of identify
 d - a scroll of remove curse


   Skills:
 + Level 4.6 Fighting
 + Level 5.0 Axes
 + Level 2.8 Armour
 + Level 3.0 Dodging
 + Level 0.4 Stealth


You had 3 spell levels left.
You didn't know any spells.
Your spell library was empty.

Dungeon Overview and Level Annotations

Branches:
Dungeon (4/15)
 Temple: D:4-7

Altars:
Ru


Innate Abilities, Weirdness & Mutations

You reflexively headbutt those who attack you in melee.
You have a pair of horns on your head.


Message History

You aren't carrying any potions.
Unknown command.
You hit the worker ant.
You kill the worker ant!
Trog accepts your kill.
Your Axes skill increases to level 5!
Your Dodging skill increases to level 3!
* * * LOW HITPOINT WARNING * * *
You feel sick.
Unknown command.
Okay, then.
* * * LOW HITPOINT WARNING * * *
You feel sick.
* * * LOW HITPOINT WARNING * * *
You feel sick.
* * * LOW HITPOINT WARNING * * *
You feel sick.
You see here 12 gold pieces.
You see here a leopard gecko corpse.
You die...

#.....#..# #.....#..#
#######..##### #
####..####(.##..###..
.....................
................... #
#...#######...##..
#..##.†.###..##...##
#....@†$...†.......#
#..................#
....#############.####
### #.# ... .... #####


There were no monsters in sight!

Vanquished Creatures
  A howler monkey (D:4)
  A worker ant (D:4)
  2 adders (D:2)
  An ooze (D:2)
  A dart slug (D:2)
  2 leopard geckos
  5 goblins
  4 hobgoblins
  4 kobolds
  A ball python (D:1)
  3 bats
  A frilled lizard (D:2)
  3 rats
29 creatures vanquished.

Notes
Turn   | Place    | Note
-------+----------+-------------------------------------------
     0 | D:1      | mhtbhm the Minotaur Berserker began the quest for the Orb.
     0 | D:1      | Reached XP level 1. HP: 19/19 MP: 0/0
   467 | D:1      | Reached skill level 4 in Axes
   467 | D:1      | Reached XP level 2. HP: 25/27 MP: 1/1
   940 | D:1      | You fall into a shaft and drop 1 floor!
  1114 | D:2      | Found a sacrificial altar of Ru.
  1531 | D:2      | Reached XP level 3. HP: 28/33 MP: 2/2
  2094 | D:4      | Reached XP level 4. HP: 28/41 MP: 3/3
  2137 | D:4      | Reached skill level 5 in Axes
  2139 | D:4      | HP: 2/41 [poisoned by a worker ant]
  2142 | D:4      | Succumbed to a worker ant's poison

Illustrated notes

Levels and vault maps discovered:
D:1:      evilmike_arrival_rings, layout_loops_ring
D:2:      layout_basic, marbit_many_paths
D:3:      layout_basic, fedhas_altar_2
D:4:      layout_gridville, serial_glass, glass_columns_b, glass_columns_a,
          glass_columns_b, glass_columns_b, glass_columns_a, glass_columns_b,
          serial_shops, nicolae_shop_trees, kennysheep_nub

Skill      XL: |  1  2  3  4 |
---------------+-------------+-----
Axes           | 4 5 |  5.0
Fighting       | 4 |  4.6
Dodging        | 3 |  3.0
Armour         | |  2.8
Stealth        | |  0.4

Action                   |  1- 3 |  4- 6 || total
-------------------------+-------+-------++-------
Melee: Hand axe          |    68 |     9 ||    77
       Headbutt          |    10 |     1 ||    11
  Use: Scroll            |     2 |       ||     2
Armor: Animal skin       |     7 |       ||     7
       Ring mail         |     2 |     1 ||     3
Dodge: Dodged            |    48 |     6 ||    54

Table legend: (Time is in decaauts)
 A = Elapsed time spent in this place.
 B = Non-inter-level travel time spent in this place.
 C = Inter-level travel time spent in this place.
 D = Time resting spent in this place.
 E = Time spent auto-exploring this place.
 F = Levels seen in this place.
 G = Mean time per level.
                   A        B        C        D        E       F      G
               +--------+--------+--------+--------+--------+-----+--------+
         Total |   2148 |   2148 |      0 |    148 |   1687 |   4 |  537.0 |
       Dungeon |   2148 |   2148 |      0 |    148 |   1687 |   4 |  537.0 |
               +--------+--------+--------+--------+--------+-----+--------+

Top non-repeatable levels by time:
     D:1: 941 daAuts
     D:2: 882 daAuts
     D:3: 232 daAuts
     D:4: 91 daAuts
